 Dungeon Crawl Stone Soup version 0.24.0-125-gc4c63601f3 (webtiles) character file.

Game seed: 17104180340183538194, levelgen mode: deterministic

50 Defined the Chopper (level 3, -2/35 HPs)
             Began as a Gnoll Chaos Knight on Feb 28, 2020.
             Was a Plaything of Xom.
             Slain by an orc priest
             ... wielding a +0 hand axe
              (6 damage)
             ... on level 3 of the Dungeon.
             The game lasted 00:02:43 (864 turns).

Defined the Chopper (Gnoll Chaos Knight)             Turns: 864, Time: 00:02:44

Health: -2/35      AC:  6    Str: 15    XL:     3   Next: 79%
Magic:  4/4        EV: 10    Int: 14    God:    Xom [..*...]
Gold:   79         SH:  7    Dex: 14    Spells: 3/3 levels left

rFire    . . .     SeeInvis .   a - +0 hand axe (chaos)
rCold    . . .     Gourm    .   h - +0 shield
rNeg     . . .     Faith    .   b - +2 leather armour
rPois    .         Spirit   .   (no helmet)
rElec    .         Reflect  .   j - +0 cloak
rCorr    .         Harm     .   (no gloves)
MR       .....                  (no boots)
Stlth    +.........             (no amulet)
HPRegen  0.11/turn              (no ring)
MPRegen  0.09/turn              (no ring)

@: no status effects
A: distributed training, fangs 1, strong nose
a: Renounce Religion


You were on level 3 of the Dungeon.
You worshipped Xom.
You were a toy of Xom.
You were not hungry.

You visited 1 branch of the dungeon, and saw 3 of its levels.

You collected 79 gold pieces.

Inventory:

Hand Weapons
 a - a +0 hand axe of chaos (weapon)
Armour
 b - a +2 leather armour (worn)
 h - a +0 shield (worn)
 j - a +0 cloak (worn)
Scrolls
 d - a scroll of magic mapping {unknown}
 e - a scroll of teleportation {unknown}
 g - a scroll of fog
 i - a scroll of identify {unknown}
 l - a scroll of random uselessness {unknown}
Potions
 k - a potion of mutation {unknown}
Comestibles
 c - a ration
 f - 10 chunks of flesh


   Skills:
 + Level 6.5 Fighting
 + Level 0.9 Short Blades
 + Level 0.9 Long Blades
 + Level 6.5 Axes
 + Level 0.9 Maces & Flails
 + Level 0.9 Polearms
 + Level 0.9 Staves
 + Level 0.9 Slings
 + Level 0.9 Bows
 + Level 0.9 Crossbows
 + Level 0.9 Throwing
 + Level 4.5 Armour
 + Level 2.6 Dodging
 + Level 0.9 Stealth
 + Level 0.9 Shields
 + Level 0.9 Unarmed Combat
 + Level 0.9 Spellcasting
 + Level 0.6 Conjurations
 + Level 0.6 Hexes
 + Level 0.6 Charms
 + Level 0.6 Summonings
 + Level 0.6 Necromancy
 + Level 0.6 Translocations
 + Level 0.6 Transmutations
 + Level 0.6 Fire Magic
 + Level 0.6 Ice Magic
 + Level 0.6 Air Magic
 + Level 0.6 Earth Magic
 + Level 0.6 Poison Magic
 + Level 1.0 Invocations
 + Level 0.9 Evocations


You had 3 spell levels left.
You didn't know any spells.
Your spell library was empty.

Dungeon Overview and Level Annotations

Branches:
Dungeon (3/15)

Altars:


Innate Abilities, Weirdness & Mutations

Your experience applies equally to all skills.
You have very sharp teeth.
Your uncanny sense of smell can sniff out nearby items.


Message History

An adder comes into view.
You block the orc's attack. The orc priest barely misses you.
The orc hits you with a +0 dagger.
You hit the orc priest.
The orc priest flickers and vanishes!
Deactivating autopickup; reactivate with Ctrl-A.
You hit the orc but do no damage. You drain the orc.
The orc hits you but does no damage.
Your shield prevents you from hitting something.
Your bite misses something. You closely miss the orc.
You hear something mumble some strange prayers to Beogh against you.
Pain shoots through your body!
* * * LOW HITPOINT WARNING * * *
The orc barely misses you.
You hit something. You bite something. You closely miss the orc.
Something hits you.
* * * LOW HITPOINT WARNING * * *
Okay, then.
As you read the scroll labeled CATEPA RAMACS, it crumbles to dust.
The scroll dissolves into smoke.
It was a scroll of fog.
Something hits you.
You die...

.. #.# #.. #.# ..##
#.# #...##.#####
∆#.#.....∆..#
#.#....So# #.#
......#oo###.######
#s.g{@§........######
#.###§§.#.####......#
∆ ∆#.#.#.# #..###.#
#.....# #.[# #.#
..##### #..###.# #..#
#..<...# .(.#
##.##).# ∆ ..#+#
#.##..# #.....#


You could see an adder, 3 orcs, a giant cockroach and a hobgoblin.

Vanquished Creatures
  A dart slug (D:1)
  2 leopard geckos (D:2)
  An orc (D:3)
  A ball python (D:2)
  4 bats
  3 giant cockroaches (D:1)
  5 goblins (D:1)
  7 hobgoblins
  7 jackals
  3 kobolds
  2 rats (D:1)
36 creatures vanquished.

Notes
Turn   | Place    | Note
-------+----------+-------------------------------------------
     0 | D:1      | Defined the Gnoll Chaos Knight began the quest for the Orb.
     0 | D:1      | Reached XP level 1. HP: 23/23 MP: 1/1
     2 | D:1      | XOM: harmless Conj miscast
    51 | D:1      | XOM: silly message
   128 | D:1      | Reached XP level 2. HP: 29/29 MP: 2/2
   395 | D:1      | Reached XP level 3. HP: 35/35 MP: 3/3
   771 | D:2      | Reached skill level 1 in Invocations
   864 | D:3      | Slain by an orc priest

Levels and vault maps discovered:
D:1:      sevenhm_arrival_forest_fort_small_4, layout_loops_ring
D:2:      wander_river, layout_basic, nicolae_overflow_crystal_walls,
          uniq_natasha
D:3:      layout_loops_corners, minmay_fractal_squares_5, uniq_sigmund

Skill      XL: |  1  2  3 |
---------------+----------+-----
Invocations    | 1 |  1.0
Fighting       | |  6.5
Short Blades   | |  0.9
Long Blades    | |  0.9
Axes           | |  6.5
Maces & Flails | |  0.9
Polearms       | |  0.9
Staves         | |  0.9
Slings         | |  0.9
Bows           | |  0.9
Crossbows      | |  0.9
Throwing       | |  0.9
Armour         | |  4.5
Dodging        | |  2.6
Stealth        | |  0.9
Shields        | |  0.9
Unarmed Combat | |  0.9
Spellcasting   | |  0.9
Conjurations   | |  0.6
Hexes          | |  0.6
Charms         | |  0.6
Summonings     | |  0.6
Necromancy     | |  0.6
Translocations | |  0.6
Transmutations | |  0.6
Fire Magic     | |  0.6
Ice Magic      | |  0.6
Air Magic      | |  0.6
Earth Magic    | |  0.6
Poison Magic   | |  0.6
Evocations     | |  0.9

Action                   || total
-------------------------++-------
Melee: Hand axe          ||    88
       Bite              ||     7
  Use: Scroll            ||     1
 Stab: Sleeping          ||     1
Armor: Leather armour    ||    39
Dodge: Dodged            ||    55
Block: Shield            ||    30
